 Dungeon Crawl Stone Soup version 0.18.1-8-gdd0e5ea (webtiles) character file.

682 Guinours the Slinger (level 7, -1/44 HPs)
             Began as a Halfling Hunter on May 27, 2016.
             Was an Initiate of Nemelex Xobeh.
             Slain by ThereIsNoGod's ghost (8 damage)
             ... on level 5 of the Dungeon.
             The game lasted 00:26:16 (4137 turns).

Guinours the Slinger (Halfling Hunter)              Turns: 4137, Time: 00:26:17

Health: -1/44      AC:  9    Str: 12    XL:     7   Next: 93%
Magic:  7/7        EV: 14    Int: 10    God:    Nemelex Xobeh [......]
Gold:   165        SH:  0    Dex: 17    Spells: 0 memorised, 6 levels left

rFire  . . .     SeeInvis .     a - +1 hunting sling
rCold  . . .     Gourm    .     y - +2 ring mail {rN+}
rNeg   + . .     Faith    .     (shield restricted)
rPois  .         Spirit   .     (no helmet)
rElec  .         Dismiss  .     (no cloak)
rCorr  .         Reflect  .     j - +0 pair of gloves
SustAt .         Harm     .     (no boots)
MR     .....                    (no amulet)
Stlth  +.........               (no ring)
                                (no ring)

@: lethally poisoned (-1 -> -37), not resistant to hostile enchantments, very
unstealthy
A: mutation resistance 1
a: Renounce Religion


You were on level 5 of the Dungeon.
You worshipped Nemelex Xobeh.
Nemelex Xobeh was noncommittal.
You were not hungry.

You visited 2 branches of the dungeon, and saw 6 of its levels.

You collected 165 gold pieces.

Inventory:

Hand Weapons
 a - a +1 hunting sling (weapon)
 b - a +0 short sword
Missiles
 e - 99 stones (quivered)
Armour
 j - a +0 pair of gloves (worn)
 y - a +2 ring mail of positive energy (worn)
Wands
 A - a wand of confusion (28/48)
Scrolls
 g - 3 scrolls of remove curse
 i - 4 scrolls of identify
 l - a scroll of teleportation {unknown}
 m - a scroll of enchant armour {unknown}
 q - a scroll of blinking
 s - a scroll of recharging
 u - 2 scrolls of noise {unknown}
Potions
 o - a potion of brilliance {unknown}
 t - a potion of lignification {unknown}
 v - 2 potions of flight
Books
 x - a book of the Dragon

   Spells                             Type                      Level
   a - Flame Tongue                   Conjuration/Fire             1
   b - Cause Fear                     Hexes                        4
   c - Bolt of Fire                   Conjuration/Fire             6
   d - Dragon Form                    Transmutation                7
   e - Dragon's Call                  Summoning                    9
Comestibles
 f - 3 bread rations
 k - 10 fruits
 n - 3 beef jerkies
 r - 2 meat rations


   Skills:
 - Level 1.7 Fighting
 + Level 10.6 Slings
 * Level 4.4 Armour
 + Level 3.1 Dodging
 + Level 1.3 Stealth
 * Level 1.0 Evocations


You had 6 spell levels left.
You didn't know any spells.

Dungeon Overview and Level Annotations

Branches:
Dungeon (5/15)             Temple (1/1) D:4

Altars:
Gozag
Nemelex Xobeh
Okawaru
Ru
Vehumet
Xom

Annotations:
D:5 ThereIsNoGod's ghost, amateur GrFi


Innate Abilities, Weirdness & Mutations

You are small and have problems with some larger weapons.
You are somewhat resistant to further mutation.


Message History

* * * LOW HITPOINT WARNING * * *
You feel sick.
ThereIsNoGod's ghost closely misses you.
Firing (i - inventory):
e - 101 stones (quivered)
Press: ? - help, Shift-Dir - straight line, f/p - ThereIsNoGod's ghost
Aim: ThereIsNoGod's ghost, wielding a weapon of venom (heavily damaged)
You shoot a stone.
The stone hits ThereIsNoGod's ghost but does no damage.
ThereIsNoGod's ghost is heavily damaged.
* * * LOW HITPOINT WARNING * * *
You feel sick.
Firing (i - inventory):
e - 100 stones (quivered)
Press: ? - help, Shift-Dir - straight line, f/p - ThereIsNoGod's ghost
Aim: ThereIsNoGod's ghost, wielding a weapon of venom (heavily damaged)
You shoot a stone. The stone hits ThereIsNoGod's ghost.
ThereIsNoGod's ghost is severely damaged.
* * * LOW HITPOINT WARNING * * *
You feel sick. ThereIsNoGod's ghost hits you!
You die...
Your body disappears without a glow.

... .. #####.#
.)...###
......<
#....##..
#((####...(...#
#.((...@((#
.......W.(#
#........#..#
.......>.. ##
.......(...
......##.###
(#.##. .# .. #.
.#


You could see ThereIsNoGod's ghost.

Vanquished Creatures
  A centaur (D:4)
  4 crimson imps (D:3)
  A gnoll shaman (D:4)
  3 hounds
  An orc priest (D:5)
  2 orc wizards (D:4)
  2 worker ants (D:4)
  6 gnolls
  4 adders
  3 worms
  2 dart slugs
  6 giant geckos
  8 orcs
  6 bats
  7 giant cockroaches
  8 goblins
  10 hobgoblins
  9 jackals
  2 ball pythons (D:4)
  5 giant newts
  11 kobolds
  7 rats
108 creatures vanquished.

Notes
Turn   | Place    | Note
--------------------------------------------------------------
     0 | D:1      | Guinours the Halfling Hunter began the quest for the Orb.
     0 | D:1      | Reached XP level 1. HP: 14/14 MP: 1/1
    49 | D:1      | Reached skill level 6 in Slings
   189 | D:1      | Reached XP level 2. HP: 19/19 MP: 2/2
   421 | D:1      | Reached skill level 1 in Armour
   736 | D:2      | Reached XP level 3. HP: 24/24 MP: 3/3
   925 | D:2      | Reached skill level 7 in Slings
  1022 | D:2      | Reached XP level 4. HP: 29/29 MP: 4/4
  1393 | D:3      | Found a glowing drain.
  1487 | D:3      | Reached XP level 5. HP: 27/34 MP: 5/5
  1521 | D:3      | Reached skill level 8 in Slings
  1580 | D:3      | Found an opulent altar of Gozag.
  1752 | D:3      | Found a shimmering altar of Xom.
  1802 | D:3      | Reached XP level 6. HP: 37/39 MP: 6/6
  1853 | D:3      | Reached skill level 9 in Slings
  1955 | D:3      | Found an iron altar of Okawaru.
  2452 | D:4      | Reached XP level 7. HP: 44/44 MP: 7/7
  2506 | D:4      | Found a sacrificial altar of Ru.
  2611 | D:4      | Reached skill level 10 in Slings
  3041 | D:4      | Found a staircase to the Ecumenical Temple.
  3063 | Temple   | Entered the Ecumenical Temple
  3093 | Temple   | Became a worshipper of Nemelex Xobeh the Trickster
  3163 | D:4      | Received a gift from Nemelex Xobeh
  3303 | D:5      | Entered Level 5 of the Dungeon
  3308 | D:5      | Noticed ThereIsNoGod's ghost (amateur GrFi)
  3846 | D:4      | Reached skill level 1 in Evocations
  3853 | D:4      | HP: 2/44 [poisoned by ThereIsNoGod's ghost]
  4137 | D:5      | Slain by ThereIsNoGod's ghost

Skill      XL: |  1  2  3  4  5  6  7 |
---------------+----------------------+-----
Slings         | 6 7 8 9 10 | 10.6
Armour         | 1 2 3 4 |  4.4
Dodging        | 3 |  3.1
Evocations     | 1 |  1.0
Fighting       | |  1.7
Stealth        | |  1.3

Action                   |  1- 3 |  4- 6 |  7- 9 || total
-------------------------+-------+-------+-------++-------
 Fire: Hunting sling     |    95 |   214 |   161 ||   470
Evoke: Deck              |       |       |     6 ||     6
  Use: Scroll            |     2 |     2 |     1 ||     5
       Potion            |       |       |     5 ||     5
  Eat: Chunk             |       |     4 |     4 ||     8
       Fruit             |       |       |     1 ||     1
       Pizza             |       |       |     1 ||     1
Armor: Leather armour    |     9 |     8 |       ||    17
       Ring mail         |       |    13 |    25 ||    38
Dodge: Dodged            |    21 |    44 |    46 ||   111
